 Dungeon Crawl Stone Soup version 0.31-a0-983-g7b6862f502 (webtiles) character file.

Game seed: 342905034231217655

5850 Xavori the Ducker (level 11, -2/79 HPs)
             Began as a Djinni Chaos Knight on Nov 2, 2023.
             Was a Plaything of Xom.
             Killed from afar by an orc wizard (3 damage)
             ... with a magic dart
             ... on level 9 of the Dungeon.
             The game lasted 00:12:11 (12477 turns).

Xavori the Ducker (Djinni Chaos Knight)            Turns: 12477, Time: 00:12:12

Health: -2/79      AC: 12    Str: 10      XL:     11   Next: 7%
Gold:   1273       EV: 18    Int: 14      God:    Xom [.*....] SH:  5 Dex: 25 (26)

rFire   + + +        C - +5 long sword
rCold   x . .        (no shield)
rNeg    . . .        b - +2 leather armour
rPois   ∞            w - +0 helmet
rElec   .            y - scarf {+Inv}
rCorr   .            d - +0 pair of gloves
SInv    .            (boots unavailable)
Will    ++...        B - amulet of reflection
Stlth   ++           l - ring of wizardry
HPRegen 0.33/turn    o - +6 ring of dexterity
MPRegen 0.00/turn

%: reflection, wizardry (x1), infuse magic (-3 HP)
@: mighty, on berserk cooldown, flying, slowed, very slow
A: sickness immunity, fire resistance 3, cold vulnerability 1, float, innate
caster, HP casting, extra vitality 1, iridescent scales 2, agile 1,
strong-willed 1, wild magic 1, noise suppression
a: Renounce Religion, Evoke Invisibility


You were on level 9 of the Dungeon.
You worshipped Xom.
You were a plaything of Xom.
You visited 1 branch of the dungeon, and saw 9 of its levels.

You collected 1273 gold pieces.

Inventory:

Hand Weapons
 a - a +0 falchion of chaos
 k - a +0 scimitar of flaming
 C - a +5 long sword (weapon)
Missiles
 s - a throwing net
Armour
 b - a +2 leather armour (worn)
 d - a +0 pair of gloves (worn)
 w - a +0 helmet (worn)
 y - a scarf of invisibility (worn)
Jewellery
 l - a ring of wizardry (left hand)
 o - a +6 ring of dexterity (right hand)
 B - an amulet of reflection (around neck)
Wands
 p - a wand of roots (10)
Scrolls
 c - a scroll of butterflies
 g - 5 scrolls of teleportation
 t - a scroll of immolation
 u - a scroll of fear
 x - a scroll of fog {unknown}
Potions
 e - a potion of invisibility {unknown}
 h - a potion of enlightenment
 i - 2 potions of curing
 j - a potion of heal wounds {unknown}
 m - 2 potions of degeneration
 q - a potion of berserk rage
 r - a potion of brilliance {unknown}
 v - a potion of ambrosia {unknown}
 z - a potion of lignification
Miscellaneous
 f - a condenser vane (inert)
 A - a phial of floods (inert)


   Skills:
 + Level 7.4 Fighting
 + Level 6.8 Long Blades
 + Level 6.8 Armour
 + Level 7.7 Dodging
 * Level 6.0 Spellcasting
 * Level 6.0 Conjurations
 * Level 6.0 Hexes
   Level 0.0 Charms
 * Level 6.0 Summonings
 * Level 6.0 Necromancy
 * Level 6.0 Translocations
 * Level 6.0 Transmutations
 * Level 6.0 Fire Magic
 * Level 6.0 Ice Magic
 * Level 6.0 Air Magic
 * Level 6.0 Earth Magic
 * Level 6.0 Poison Magic


You knew the following spells:

 Your Spells              Type           Power      Damage    Failure   Level
a - Necrotise             Necr           100%       1d9       1%          1
b - Static Discharge      Conj/Air       54%        3-6/arc   1%          2
c - Hailstorm             Conj/Ice       27%        3d7       3%          3
d - Gell's Gravitas       Tloc           27%        N/A       3%          3
e - Olgreb's Toxic Radia  Pois           27%        N/A       9%          4
Your spell library was empty.

Dungeon Overview and Level Annotations

Branches:
Dungeon (9/15)             Temple (0/1) D:4            Lair (0/5) D:8
    Orc: D:9-12

Altars:
Hepliaklqana
Makhleb
Nemelex Xobeh
Okawaru
Ru
Trog
Wu Jian
Xom

Shops:
D:4 ([


Innate Abilities, Weirdness & Mutations

You are immune to sickness and miasma.
You are immune to poison.
Your flesh is almost immune to the effects of heat. (rF+++)
You are vulnerable to cold. (rC-)
You float through the air rather than walking.
You learn spells naturally, not from books.
Your magical power is your life essence.
You have superior vitality. (+4 MHP)
You are mostly covered in iridescent scales. (AC +4)
You are agile. (Dex +4, Str/Int -1)
You are strong-willed. (Will+)
Your spells are a little harder to cast, but a little more powerful.
You passively dampen the noise of your surroundings.


Message History

The orc priest mumbles some strange prayers to Beogh against you.
Beogh smites you!
* * * LOW HITPOINT WARNING * * *
Xom titters.
The orc warrior looks rather confused.
The orc warrior seems less confused.
The orc warrior misses you.
You closely miss the orc warrior.
The orc warrior is moderately wounded.
You block the orc warrior's attack.
The orc warrior hits you with a +0 mace.
* * * LOW HITPOINT WARNING * * *
You barely miss the orc warrior.
The orc warrior is moderately wounded.
The orc warrior hits you with a +0 mace.
* * * LOW HITPOINT WARNING * * *
The orc warrior hits you but does no damage.
You closely miss the orc warrior.
The orc warrior is moderately wounded.
The orc priest calls upon Beogh to heal the orc warrior.
The orc warrior is healed somewhat.
You block the orc warrior's attack.
Okay, then.
You feel very mighty all of a sudden. You block the orc warrior's attack.
Something hits you.
* * * LOW HITPOINT WARNING * * *
The orc warrior hits you but does no damage.
You slash the orc warrior!
The orc warrior is heavily wounded.
You hear some strange, mumbled words.
A magic dart appears from out of thin air!
The magic dart hits you but does no damage.
Something closely misses you.
You slash the orc warrior!
The orc warrior is almost dead.
The orc warrior hits you with a +0 mace!
* * * LOW HITPOINT WARNING * * *
Xom roars with laughter!
The orc priest looks satisfied for a moment.
A magic dart appears from out of thin air!
The magic dart hits you.
You die...

.................#
.................#
.................#
.................#
.................#
###############..#
#o.# #{o# #o@#
#..# #..#
#######..#
.........#
.........#
.........#
########.# #.#


You could see an orc warrior and 2 orc priests.

Vanquished Creatures
  Erica (D:8)
  Pikel (D:8)
  A hornet (D:9)
  A jumping spider (shapeshifter) (D:7)
  2 acid dragons
  3 ice beasts (D:8)
  A sky beast (D:8)
  2 orc warriors (D:7)
  2 black bears
  An ogre (D:5)
  3 wolves
  3 centaurs
  A kobold brigand (D:7)
  A lemure (D:8)
  4 scorpions
  7 wights
  5 hounds
  5 orc priests (D:7)
  A gnoll bouda (D:7)
  A sleepcap (D:6)
  2 iguanas (D:5)
  4 orc wizards
  Natasha (twice) (D:2)
  4 gnolls
  10 adders
  A white imp (D:8)
  2 ufetubi (D:6)
  A worm (D:2)
  6 dart slugs
  12 orcs
  5 endoplasms
  4 giant cockroaches
  6 goblins
  9 hobgoblins
  3 jackals (D:1)
  5 quokkas
  6 ball pythons
  11 bats
  A frilled lizard (D:1)
  11 kobolds
  4 rats
155 creatures vanquished.

Vanquished Creatures (collateral kills)
  A deep elf pyromancer (D:8)
  A cyclops (D:8)
  A kobold demonologist (D:8)
  A wyvern (D:8)
  A basilisk (D:8)
5 creatures vanquished.

Vanquished Creatures (others)
  An arcanist (D:4)
  A rime drake (D:8)
2 creatures vanquished.

Grand Total: 162 creatures vanquished

Notes
Turn   | Place    | Note
-------+----------+-------------------------------------------
     0 | D:1      | Xavori the Djinni Chaos Knight began the quest for the Orb.
     0 | D:1      | Reached XP level 1. HP: 20/20 MP: 0/0
   142 | D:1      | Reached XP level 2. HP: 22/25 MP: 0/0
   226 | D:1      | XOM: silly message
   436 | D:1      | Found a faded altar of an unknown god.
   451 | D:1      | XOM: divination: detect items
   456 | D:1      | XOM: cloud trail
   518 | D:1      | Reached XP level 3. HP: 30/30 MP: 0/0
   518 | D:1      | Learned a level 1 spell: Necrotise
   741 | D:1      | XOM: silly message
  1464 | D:1      | XOM: god gift: 3 boomerangs
  1520 | D:1      | XOM: god gift: 10 gold pieces
  1610 | D:1      | XOM: silly message
  2001 | D:1      | XOM: give mutations
  2001 | D:1      | Gained mutation: You sometimes lose your temper in combat.
                  | [Xom's mischief]
  2001 | D:1      | Gained mutation: You are partially covered in iridescent
                  | scales. (AC +2) [Xom's mischief]
  2180 | D:1      | XOM is BORED!
  2180 | D:1      | XOM: give mutations
  2180 | D:1      | Gained mutation: You occasionally shout uncontrollably at
                  | your foes. [Xom's mischief]
  2180 | D:1      | Gained mutation: You expend health (3 HP) to strengthen
                  | your wands. [Xom's mischief]
  2576 | D:1      | XOM: divination: magic mapping
  3458 | D:1      | XOM: noise
  3572 | D:1      | XOM: summons 1 hostile demon
  3719 | D:2      | XOM: summons 2 hostile demons
  3797 | D:1      | XOM: stat loss: -1 Int (12/13)
  4060 | D:1      | XOM: summons 1 hostile demon
  4405 | D:1      | XOM: summons 1 hostile demon
  4531 | D:1      | XOM is BORED!
  4531 | D:1      | XOM: give mutations
  4531 | D:1      | Gained mutation: You are mostly covered in iridescent
                  | scales. (AC +4) [Xom's mischief]
  4531 | D:1      | Gained mutation: You are strong-willed. (Will+) [Xom's
                  | mischief]
  4531 | D:1      | Lost mutation: You expend health (3 HP) to strengthen your
                  | wands. [Xom's mischief]
  4625 | D:2      | Reached skill level 1 in Spellcasting
  4625 | D:2      | Reached skill level 1 in Conjurations
  4625 | D:2      | Reached skill level 1 in Hexes
  4625 | D:2      | Reached skill level 1 in Summonings
  4625 | D:2      | Reached skill level 1 in Necromancy
  4625 | D:2      | Reached skill level 1 in Translocations
  4625 | D:2      | Reached skill level 1 in Transmutations
  4625 | D:2      | Reached skill level 1 in Fire Magic
  4625 | D:2      | Reached skill level 1 in Ice Magic
  4625 | D:2      | Reached skill level 1 in Air Magic
  4625 | D:2      | Reached skill level 1 in Earth Magic
  4625 | D:2      | Reached skill level 1 in Poison Magic
  4653 | D:2      | Noticed Natasha
  4666 | D:2      | Killed Natasha
  4667 | D:2      | Reached XP level 4. HP: 13/35 MP: 0/0
  4678 | D:2      | XOM: silly message
  4856 | D:2      | XOM: divination: magic mapping
  4886 | D:2      | XOM: divination: magic mapping
  5069 | D:2      | XOM: silly message
  5139 | D:2      | Noticed Natasha
  5152 | D:2      | Killed Natasha
  5153 | D:2      | Reached XP level 5. HP: 34/40 MP: 0/0
  5153 | D:2      | Learned a level 2 spell: Static Discharge
  5342 | D:3      | XOM: smoke on damage
  6017 | D:4      | Found Peixuez's Weapon Shoppe.
  6019 | D:4      | XOM: noise
  6021 | D:4      | XOM: divination: magic mapping
  6163 | D:4      | Reached XP level 6. HP: 47/47 MP: 0/0
  6233 | D:4      | Found a bloodstained altar of Trog.
  6244 | D:4      | Noticed an arcanist
  6249 | D:4      | Killed an arcanist
  6316 | D:4      | XOM: divination: magic mapping
  6595 | D:4      | Found a sacrificial altar of Ru.
  6598 | D:4      | Found an ornate altar of the Wu Jian Council.
  6601 | D:4      | Found a shimmering altar of Xom.
  6604 | D:4      | Found a hazy altar of Hepliaklqana.
  6698 | D:4      | Found a sparkling altar of Nemelex Xobeh.
  6736 | D:4      | Found a staircase to the Ecumenical Temple.
  6846 | D:4      | XOM: scenery: create altars
  6883 | D:4      | XOM: silly message
  6904 | D:4      | Found Itrixt's Armour Shop.
  7061 | D:5      | Entered Level 5 of the Dungeon
  7080 | D:5      | Noticed a black bear
  7094 | D:5      | Killed a black bear
  7149 | D:5      | XOM: god gift: 774 gold pieces
  7256 | D:5      | XOM: 1-stop teleportation journey
  7370 | D:5      | XOM: give mutations
  7370 | D:5      | Gained mutation: You passively dampen the noise of your
                  | surroundings. [Xom's mischief]
  7370 | D:5      | Gained mutation: You have hidden genetic potential. [Xom's
                  | mischief]
  7370 | D:5      | Lost mutation: You occasionally shout uncontrollably at
                  | your foes. [Xom's mischief]
  7395 | D:5      | Reached XP level 7. HP: 51/52 MP: 0/0
  7395 | D:5      | Learned a level 3 spell: Hailstorm
  7754 | D:5      | XOM: summons 3 hostile shadow creatures
  7762 | D:5      | XOM: give mutations
  7762 | D:5      | Gained mutation: Your flesh is almost immune to the effects
                  | of heat. (rF+++) [Xom's mischief]
  7762 | D:5      | Lost mutation: You are strong-willed. (Will+) [Xom's
                  | mischief]
  7762 | D:5      | Lost mutation: You have hidden genetic potential. [Xom's
                  | mischief]
  7762 | D:5      | Lost mutation: You sometimes lose your temper in combat.
                  | [Xom's mischief]
  7783 | D:6      | Identified the "Leddept"
  7955 | D:5      | XOM: swap monsters
  8171 | D:5      | Reached XP level 8. HP: 55/58 MP: 0/0
  8728 | D:6      | Found an iron altar of Okawaru.
  8921 | D:6      | XOM: give mutations
  8921 | D:6      | Gained mutation: You are strong-willed. (Will+) [Xom's
                  | grace]
  8921 | D:6      | Gained mutation: You are agile. (Dex +4, Str/Int -1) [Xom's
                  | grace]
  8979 | D:6      | XOM: stat loss: -1 Dex (23/24)
  9274 | D:6      | XOM: stat loss: -1 Dex (22/24)
  9305 | D:7      | Reached skill level 5 in Fighting
  9337 | D:7      | Reached skill level 5 in Dodging
  9343 | D:7      | XOM: divination: detect creatures
  9517 | D:7      | XOM: noise
  9523 | D:7      | XOM: blink monster(s)
  9540 | D:7      | XOM: 4-stop teleportation journey
  9622 | D:7      | XOM: blink monster(s)
  9625 | D:7      | XOM: polymorph orc warrior -> wolf
  9630 | D:7      | Reached XP level 9. HP: 49/65 MP: 0/0
  9630 | D:7      | Learned a level 3 spell: Gell's Gravitas
  9668 | D:7      | XOM: give mutation
  9668 | D:7      | Gained mutation: Your spells are a little harder to cast,
                  | but a little more powerful. [Xom's mischief]
  9753 | D:7      | Reached skill level 5 in Long Blades
  9849 | D:7      | XOM: confusion (+ monsters)
  9981 | D:7      | Found a burning altar of Makhleb.
  9993 | D:7      | XOM: swap monsters
  9995 | D:7      | XOM: swap monsters
 10001 | D:7      | XOM: enchant monster (bad)
 10023 | D:7      | Reached skill level 5 in Armour
 10091 | D:7      | XOM: summons 1 hostile demon
 10453 | D:8      | Noticed Pikel
 10463 | D:8      | XOM: stat loss: -1 Dex (25/26)
 10473 | D:8      | XOM: 1-stop teleportation journey
 10553 | D:8      | Noticed a kobold demonologist
 10565 | D:8      | Noticed a deep elf pyromancer
 10581 | D:8      | Killed Pikel
 10583 | D:8      | Killed a kobold demonologist
 10584 | D:8      | Reached XP level 10. HP: 62/72 MP: 0/0
 10590 | D:8      | Noticed a cyclops
 10651 | D:8      | Killed a deep elf pyromancer
 10652 | D:8      | Reached skill level 5 in Spellcasting
 10652 | D:8      | Reached skill level 5 in Conjurations
 10652 | D:8      | Reached skill level 5 in Hexes
 10652 | D:8      | Reached skill level 5 in Summonings
 10652 | D:8      | Reached skill level 5 in Necromancy
 10652 | D:8      | Reached skill level 5 in Translocations
 10652 | D:8      | Reached skill level 5 in Transmutations
 10652 | D:8      | Reached skill level 5 in Fire Magic
 10652 | D:8      | Reached skill level 5 in Ice Magic
 10652 | D:8      | Reached skill level 5 in Air Magic
 10652 | D:8      | Reached skill level 5 in Earth Magic
 10652 | D:8      | Reached skill level 5 in Poison Magic
 10658 | D:8      | Killed a cyclops
 10890 | D:8      | Noticed Erica
 11119 | D:8      | XOM: 1-stop teleportation journey
 11290 | D:8      | Noticed a rime drake
 11304 | D:8      | XOM: noise
 11637 | D:8      | XOM: potion effect (invisibility)
 11642 | D:8      | Killed a rime drake
 11648 | D:8      | XOM: chaos cloud
 11651 | D:8      | XOM: polymorph wolf -> sky beast
 11656 | D:8      | Killed Erica
 11730 | D:8      | Found a staircase to the Lair.
 11751 | D:8      | XOM: confusion (+ monsters)
 12288 | D:9      | XOM: noise
 12289 | D:9      | Reached XP level 11. HP: 66/79 MP: 0/0
 12289 | D:9      | Learned a level 4 spell: Olgreb's Toxic Radiance
 12447 | D:9      | XOM: enchant monster (good)
 12462 | D:9      | XOM: potion effect (berserk rage)
 12469 | D:9      | XOM: confuse monster(s)
 12477 | D:9      | HP: 1/79 [orc warrior/+0 mace (14)]
 12477 | D:9      | Killed from afar by an orc wizard

Illustrated notes

Levels and vault maps discovered:
D:1:      nagdon_arrival_zigzag_paths, layout_loops_corners,
          shapermc_ecumenical_altar_acropolis, minmay_misc_feat_room
D:2:      layout_loops_ring, chequers_garden, uniq_natasha
D:3:      layout_basic, roderic_batcave, serial_park_tiny_2
D:4:      layout_basic, nemelex_spade_bored_becter, trog_wizard,
          grunt_temple_overflow_cloverleaf, minmay_temple_entry_glassed_door,
          serial_shops, shop, shop, kennysheep_windowed_goal
D:5:      minmay_skewed_foursquare, layout_gridville
D:6:      layout_gridville, okawaru_trees_2
D:7:      layout_rooms, mainiacjoe_overflow_paths, st_stairs_1
D:8:      layout_basic, hellmonk_lair_entry_icy, minmay_diamond_spiral,
          uniq_pikel, uniq_erica
D:9:      layout_long_grid, lemuel_coloured_pillars_altar,
          mainiacjoe_overflow_catwalk, overflow_temple_1_default

Skill      XL: |  1  2  3  4  5  6  7  8  9 10 11 |
---------------+----------------------------------+-----
Long Blades    | 3 4 5 6 |  6.8
Spellcasting   | 1 2 3 4 5 6 |  6.0
Conjurations   | 1 2 3 4 5 6 |  6.0
Hexes          | 1 2 3 4 5 6 |  6.0
Summonings     | 1 2 3 4 5 6 |  6.0
Necromancy     | 1 2 3 4 5 6 |  6.0
Translocations | 1 2 3 4 5 6 |  6.0
Transmutations | 1 2 3 4 5 6 |  6.0
Fire Magic     | 1 2 3 4 5 6 |  6.0
Ice Magic      | 1 2 3 4 5 6 |  6.0
Air Magic      | 1 2 3 4 5 6 |  6.0
Earth Magic    | 1 2 3 4 5 6 |  6.0
Poison Magic   | 1 2 3 4 5 6 |  6.0
Armour         | 2 3 4 5 6 |  6.8
Dodging        | 3 4 5 6 7 |  7.7
Fighting       | 4 5 6 7 |  7.4

Action                     |  1- 3 |  4- 6 |  7- 9 | 10-12 || total
---------------------------+-------+-------+-------+-------++-------
  Melee: Falchion          |   107 |   165 |   188 |    83 ||   543
         Punch             |     2 |       |     2 |     1 ||     5
         Scimitar          |       |       |       |    48 ||    48
         Long sword        |       |       |       |    14 ||    14
   Cast: Static Discharge  |       |     4 |    18 |       ||    22
         Hailstorm         |       |       |    21 |     3 ||    24
         Gell's Gravitas   |       |       |     4 |     1 ||     5
  Evoke: Phial of floods   |       |       |       |     1 ||     1
         Condenser vane    |       |       |       |     1 ||     1
    Use: Scroll            |       |     4 |     2 |     4 ||    10
         Potion            |       |       |     1 |     5 ||     6
   Stab: Paralysed         |     1 |       |     3 |       ||     4
         Sleeping          |       |       |     2 |     1 ||     3
         Invisible         |       |       |       |     4 ||     4
 Armour: Leather armour    |    90 |   124 |   178 |    83 ||   475
  Dodge: Dodged            |   100 |   131 |   208 |   123 ||   562
  Block: Other             |       |       |       |    32 ||    32
         Reflection        |       |       |       |     1 ||     1

Table legend: (Time is in decaauts)
 A = Elapsed time spent in this place.
 B = Non-inter-level travel time spent in this place.
 C = Inter-level travel time spent in this place.
 D = Time resting spent in this place.
 E = Time spent auto-exploring this place.
 F = Levels seen in this place.
 G = Mean time per level.
                   A        B        C        D        E       F      G
               +--------+--------+--------+--------+--------+-----+--------+
         Total |  12576 |  12326 |    250 |   5201 |   5498 |   9 | 1397.3 |
       Dungeon |  12576 |  12326 |    250 |   5201 |   5498 |   9 | 1397.3 |
               +--------+--------+--------+--------+--------+-----+--------+

Top non-repeatable levels by time:
     D:1: 4087 daAuts
     D:7: 1419 daAuts
     D:8: 1346 daAuts
     D:6: 1304 daAuts
     D:2: 1291 daAuts
     D:4: 1071 daAuts
     D:5: 1065 daAuts
     D:3: 697 daAuts
     D:9: 291 daAuts
